 Dungeon Crawl Stone Soup version 0.26.1-11-gd32895ea62 (webtiles) character file.

Game seed: 11784020037824267920

210 Zeld the Changer (level 5, 0/34 HPs)
             Began as an Octopode Transmuter on June 7, 2021.
             Succumbed to miscasting Spider Form's poison
             ... on level 2 of the Dungeon.
             The game lasted 00:03:25 (4237 turns).

Zeld the Changer (Octopode Transmuter)              Turns: 4237, Time: 00:03:26

Health: 0/34       AC:  1    Str: 10    XL:     5   Next: 88%
Magic:  5/10       EV: 14    Int: 15    God:
Gold:   55         SH:  0    Dex: 13    Spells: 1/11 levels left

rFire    . . .     SeeInvis +     - Unarmed
rCold    . . .     Faith    .   (no shield)
rNeg     . . .     Spirit   .   (helmet restricted)
rPois    .         Reflect  .   (no amulet)
rElec    .         Harm     .   g - ring of see invisible
rCorr    .         Rampage  .   (no ring)
Will     .....                  (no ring)
Stlth    ++........             (no ring)
HPRegen  0.11/turn              (no ring)
MPRegen  0.12/turn              (no ring)
                                (no ring)
                                (no ring)

@: lethally poisoned (0 -> -2), very slightly contaminated
A: almost no armour, stealthy swim, amphibious, 8 rings, constrict 8, camouflage
1, gelatinous body 1
a: no special abilities


You were on level 2 of the Dungeon.
You visited 1 branch of the dungeon, and saw 3 of its levels.

You collected 55 gold pieces.

Inventory:

Jewellery
 g - a ring of see invisible (left tentacle)
Scrolls
 b - a scroll of amnesia {unknown}
 c - 3 scrolls of teleportation {unknown}
 d - 2 scrolls of enchant armour {unknown}
 e - 5 scrolls of identify {unknown}
 h - a scroll of magic mapping {unknown}
 i - a scroll of blinking {unknown}
 j - a scroll of remove curse {unknown}
Potions
 a - a potion of brilliance {unknown}
 f - 2 potions of haste {unknown}
 k - 2 potions of flight {unknown}
 l - a potion of ambrosia {unknown}
 m - a potion of magic {unknown}


   Skills:
 + Level 2.2 Fighting
 + Level 3.0 Dodging
 - Level 3.0 Unarmed Combat
 * Level 3.5 Spellcasting
 * Level 3.7 Transmutations


You had one spell level left.
You knew the following spells:

 Your Spells              Type           Power        Failure   Level
a - Beastly Appendage     Tmut           26%          4%          1
b - Wereblood             Tmut           13%          6%          2
c - Spider Form           Tmut/Pois      4%           26%         3
d - Ice Form              Ice/Tmut       8%           65%         4

Your spell library contained the following spells:

 Spells                   Type           Power        Failure   Level
 Blade Hands              Tmut           6%           75%         5


Dungeon Overview and Level Annotations

Branches:
Dungeon (3/15)

Altars:
Kikubaaqudgha
Uskayaw


Innate Abilities, Weirdness & Mutations

You cannot wear most types of armour.
You are very stealthy in the water. (Stealth+)
You are amphibious.
You can wear up to eight rings at the same time.
You can use your tentacles to constrict eight enemies at once.
Your skin changes colour to match your surroundings (Stealth+).
Your rubbery body absorbs attacks. (AC +1, EV +1)


Message History

Confirm with . or Enter, or press ? or * to list all spells.
The spell is quite dangerous to cast (26% risk of failure)!
Continue anyway? [Y]es or [N]o only, please.
The spell is quite dangerous to cast (26% risk of failure)!
Continue anyway?
You miscast Spider Form.
You are very lightly contaminated with residual magic.
You feel rather nauseous for a moment.
You are poisoned.
You feel sick.
The orc wizard hits you with a +0 dagger.
* * * LOW HITPOINT WARNING * * *
The orc wizard hits you with a +0 dagger.
* * * LOW HITPOINT WARNING * * *
You miss the orc wizard. Your grab misses the orc wizard.
The orc wizard hits you with a +0 dagger.
* * * LOW HITPOINT WARNING * * *
Unknown command.
The orc wizard casts a spell at you. You resist with some effort.
You die...

#.......# #.......#
#######.......#
........#######
.######## ######
...########### #....#
##...........# #....#
###.....###.####....#
#.###.#...##.@....#
##.##....####.#....#
###..##.#.#####o.....#
#...##....#..........#
#.###>..........#....#
#.##............######
#.##............#
..#.............#
.##.#..........##


You could see an orc wizard (fast).

Vanquished Creatures
  An orc priest (D:3)
  2 orc wizards (D:3)
  3 adders
  4 worms (D:2)
  A dart slug (D:1)
  5 leopard geckos
  7 orcs (D:3)
  6 bats
  9 giant cockroaches
  7 hobgoblins
  3 jackals (D:1)
  8 kobolds
  2 ball pythons
  3 frilled lizards
  8 goblins
  7 rats
76 creatures vanquished.

Notes
Turn   | Place    | Note
-------+----------+-------------------------------------------
     0 | D:1      | Zeld the Octopode Transmuter began the quest for the Orb.
     0 | D:1      | Reached XP level 1. HP: 13/13 MP: 3/3
   262 | D:1      | Reached XP level 2. HP: 15/18 MP: 3/5
   348 | D:1      | Learned a level 2 spell: Wereblood
   932 | D:1      | Reached XP level 3. HP: 20/23 MP: 4/6
   936 | D:1      | Learned a level 3 spell: Spider Form
  2280 | D:2      | Reached XP level 4. HP: 29/29 MP: 8/8
  3095 | D:3      | Found a hide-covered altar of Uskayaw.
  3151 | D:3      | Reached XP level 5. HP: 5/34 MP: 2/9
  3161 | D:2      | Learned a level 4 spell: Ice Form
  3743 | D:3      | Found an ancient bone altar of Kikubaaqudgha.
  4215 | D:3      | Noticed an orc warrior
  4234 | D:2      | HP: 1/34 [orc wizard/+0 dagger (3)]
  4237 | D:2      | Succumbed to miscasting Spider Form's poison

Illustrated notes

Levels and vault maps discovered:
D:1:      enne_arrival_octagon_isle, layout_loops_corners,
          minmay_worlds_worst_comb
D:2:      layout_rooms
D:3:      layout_loops_ring, nicolae_overflow_crystal_walls,
          general_overflow_altar

Skill      XL: |  1  2  3  4  5 |
---------------+----------------+-----
Transmutations | 3 |  3.7
Spellcasting   | 3 |  3.5
Fighting       | 2 |  2.2
Dodging        | 3 |  3.0
Unarmed Combat | |  3.0

Action                   |  1- 3 |  4- 6 || total
-------------------------+-------+-------++-------
Melee: Unarmed           |    83 |    96 ||   179
       Kick              |    18 |    12 ||    30
       Constrict         |    21 |    10 ||    31
       Punch             |     4 |     2 ||     6
       Tentacles         |    10 |     8 ||    18
 Cast: Beastly Appendage |    28 |    14 ||    42
       Spider Form       |       |     4 ||     4
 Stab: Sleeping          |    10 |     1 ||    11
Armor: Skin              |     9 |     6 ||    15
Dodge: Dodged            |    60 |    74 ||   134
